 Dungeon Crawl Stone Soup version 0.16.2-12-gd0ad4c3 (webtiles) character file.

30 faibistes the Magician (level 3, -1/19 HPs)
             Began as a Deep Elf Wizard on Dec 17, 2017.
             Slain by a gnoll
             ... wielding a +0 spear
              (10 damage)
             ... on level 1 of the Dungeon.
             The game lasted 00:02:16 (1152 turns).

faibistes the Magician (Deep Elf Wizard)            Turns: 1152, Time: 00:02:16

Health: -1/19      AC:  2    Str:  4    XL:     3   Next: 5%
Magic:  9/14       EV: 13    Int: 23    God:
Gold:   112        SH:  0    Dex: 13    Spells: 5 memorised, 1 level left

rFire  . . .     SeeInvis .     h - +0 club
rCold  . . .     Clarity  .     a - +0 robe
rNeg   + . .     SustAb   .     (no shield)
rPois  .         Gourm    .     b - +0 hat
rElec  .         Spirit   .     (no cloak)
rCorr  .         Warding  +     (no gloves)
rMut   .         Stasis   .     (no boots)
MR     .....                    e - amulet of warding
Stlth  ++........               (no ring)
                                (no ring)

@: very slightly contaminated, not resistant to hostile enchantments, unstealthy
A: no striking features
a: no special abilities


You were on level 1 of the Dungeon.
You were not hungry.

You visited 1 branch of the dungeon, and saw 4 of its levels.

You collected 112 gold pieces.

Inventory:

Hand weapons
 h - a +0 club (weapon)
Armour
 a - a +0 robe (worn)
 b - a +0 hat (worn)
Jewellery
 e - an amulet of warding (around neck)
Scrolls
 f - a scroll of identify {unknown}
 g - 2 scrolls of fog {unknown}
 i - a scroll of magic mapping {unknown}
 j - a scroll of amnesia {unknown}
Potions
 l - a potion of invisibility {unknown}
Books
 c - a book of Minor Magic

   Spells                             Type                      Level
   a - Magic Dart                     Conjuration                  1
   b - Blink                          Translocation                2
   c - Call Imp                       Summoning                    2
   d - Repel Missiles                 Charms/Air                   2
   e - Slow                           Hexes                        2
   f - Conjure Flame                  Conjuration/Fire             3
   g - Mephitic Cloud                 Conjuration/Poison/Air       3
Comestibles
 d - a bread ration
 m - a meat ration


   Skills:
 + Level 2.8 Dodging
 - Level 2.4 Stealth
 * Level 5.2 Spellcasting
 * Level 2.0 Conjurations
 - Level 1.1 Summonings
 - Level 1.1 Translocations


You had one spell level left.
You knew the following spells:

 Your Spells              Type           Power        Failure   Level  Hunger
a - Magic Dart            Conj           ###.         4%          1    None
b - Conjure Flame         Conj/Fire      ##......     21%         3    ##.....
c - Call Imp              Summ           ##......     12%         2    None
d - Blink                 Tloc           N/A          12%         2    None
e - Mephitic Cloud        Conj/Pois/Air  #.......     24%         3    ##.....


Dungeon Overview and Level Annotations

Branches:
Dungeon (4/15)
 Temple: D:4-7

Altars:
Xom


Message History

The gnoll shouts!
The gnoll misses you. The gnoll hits you with a spear!
Ouch! That really hurt!
You climb upwards.
There is a stone staircase leading down here.
Casting: Magic Dart
Confirm with . or Enter, or press ? or * to list all spells.
You blink.
The gnoll barely misses you.
Casting: Blink
Confirm with . or Enter, or press ? or * to list all spells.
Aiming: Mephitic Cloud
Press: ? - help, Shift-Dir - straight line, f - gnoll
Aim: a gnoll, wielding a spear You miscast Mephitic Cloud.
You are very lightly contaminated with residual magic.
Your skin tingles.
The gnoll hits you from afar with a spear!
Ouch! That really hurt!
You die...

..... #...###
#.#.....
####.#!....# ####
#..........+ ....
#..(.......# ####
#...†#.....# ######
#g##.#.....####.....
#>.@......).........
######.########.####
#(# #.# #. #.# #.#
#. #.# ######÷# #.
####.# #.(....# #.
#.##.########.# #.
#.##.#.######.# #.
#.............# ##


You could see a gnoll.

Vanquished Creatures
  Jessica (D:2)
  2 bats (D:1)
  2 hobgoblins (D:1)
  2 kobolds (D:1)
  A giant cockroach (D:1)
  A giant newt (D:1)
  3 goblins (D:1)
  3 rats
15 creatures vanquished.

Notes
Turn   | Place    | Note
--------------------------------------------------------------
     0 | D:1      | faibistes, the Deep Elf Wizard, began the quest for the Orb.
     0 | D:1      | Reached XP level 1. HP: 10/10 MP: 6/6
    60 | D:1      | Found a shimmering altar of Xom.
   370 | D:2      | Noticed Jessica
   458 | D:2      | Killed Jessica
   458 | D:2      | Reached skill level 5 in Spellcasting
   458 | D:2      | Reached XP level 2. HP: 3/15 MP: 0/11
   466 | D:2      | Learned a level 2 spell: Blink
   469 | D:2      | Learned a level 2 spell: Call Imp
   964 | D:1      | Reached XP level 3. HP: 19/19 MP: 11/14
   969 | D:1      | Learned a level 3 spell: Conjure Flame
   973 | D:1      | Learned a level 3 spell: Mephitic Cloud
  1152 | D:1      | Slain by a gnoll

Action                   || total
-------------------------++-------
Melee: Club              ||     2
 Cast: Magic Dart        ||    41
       Blink             ||     1
 Stab: Sleeping          ||     1
  Eat: Chunk             ||     1
